 Dungeon Crawl Stone Soup version 0.25-a0-1130-g3926558 (webtiles) character file.

Game seed: 13277267003629304138, levelgen mode: deterministic

137 BlueFish the Grasshopper (level 5, -9/35 HPs)
             Began as an Octopode Warper on May 19, 2020.
             Mangled by an orc
             ... wielding a +0 flail
              (11 damage)
             ... on level 3 of the Dungeon.
             The game lasted 00:05:21 (2022 turns).

BlueFish the Grasshopper (Octopode Warper)          Turns: 2022, Time: 00:05:21

Health: -9/35      AC:  1    Str: 11    XL:     5   Next: 20%
Magic:  4/9        EV: 14    Int: 15    God:
Gold:   162        SH:  0    Dex: 12    Spells: 5/9 levels left

rFire    . . .     SeeInvis .     - Unarmed
rCold    . . .     Gourm    .   (no shield)
rNeg     . . .     Faith    .   (helmet restricted)
rPois    .         Spirit   .   (no amulet)
rElec    .         Reflect  .   (no ring)
rCorr    .         Harm     .   (no ring)
MR       .....                  (no ring)
Stlth    ++........             (no ring)
HPRegen  0.11/turn              (no ring)
MPRegen  0.11/turn              (no ring)
                                (no ring)
                                (no ring)

@: no status effects
A: almost no armour, stealthy swim, amphibious, 8 rings, constrict 8, camouflage
1, gelatinous body 1
a: no special abilities


You were on level 3 of the Dungeon.
You were very hungry.

You visited 1 branch of the dungeon, and saw 3 of its levels.

You collected 162 gold pieces.

Inventory:

Missiles
 c - 4 boomerangs of dispersal
 k - 108 stones (quivered)
 p - 41 arrows
Wands
 j - a wand of random effects (19)
Scrolls
 b - 4 scrolls of blinking
 f - 3 scrolls of remove curse
 g - a scroll of enchant armour
 i - a scroll of enchant weapon {unknown}
 l - a scroll of amnesia
Potions
 e - 2 potions of stabbing
 h - 3 potions of curing
 n - a potion of heal wounds {unknown}
 o - 2 potions of resistance
 r - a potion of ambrosia {unknown}
Comestibles
 d - 10 rations


   Skills:
 + Level 2.6 Fighting
 + Level 1.0 Throwing
 + Level 3.0 Dodging
 + Level 0.8 Stealth
 + Level 3.1 Unarmed Combat
 + Level 2.9 Spellcasting
 + Level 0.8 Charms
 + Level 3.3 Translocations


You had 5 spell levels left.
You knew the following spells:

 Your Spells              Type           Power        Failure   Level  Hunger
a - Shroud of Golubria    Chrm/Tloc      #.....       13%         2    ##.....
b - Blink                 Tloc           N/A          8%          2    ##.....

Your spell library contained the following spells:

 Spells                   Type           Power        Failure   Level  Hunger
 Gell's Gravitas          Tloc           ##........   16%         3    ###....
 Lesser Beckoning         Tloc           ##........   16%         3    ###....
 Teleport Other           Tloc           ##......     16%         3    ###....
 Passage of Golubria      Tloc           N/A          45%         4    #####..


Dungeon Overview and Level Annotations

Branches:
Dungeon (3/15)

Altars:
Trog
Xom


Innate Abilities, Weirdness & Mutations

You cannot wear most types of armour.
You are very stealthy in the water. (Stealth+)
You are amphibious.
You can wear up to eight rings at the same time.
You can use your tentacles to constrict eight enemies at once.
Your skin changes colour to match your surroundings (Stealth+).
Your rubbery body absorbs attacks. (AC +1, EV +1)


Message History

You tentacle-slap the orc but do no damage.
Your grab misses the orc. The orc hits you with a +0 flail!
* * * LOW HITPOINT WARNING * * *
Casting: Shroud of Golubria (safe; 13% risk of failure)
Confirm with . or Enter, or press ? or * to list all spells.
Space distorts slightly along a thin shroud covering your body.
The orc misses you.
You tentacle-slap the orc but do no damage.
Your grab misses the orc. You closely miss the orc. You grab the orc.
You constrict the orc, but do no damage.
The orc hits you with a +0 flail!
* * * LOW HITPOINT WARNING * * *
Your shroud falls apart!
Casting: Shroud of Golubria (safe; 13% risk of failure)
Confirm with . or Enter, or press ? or * to list all spells.
Space distorts slightly along a thin shroud covering your body.
You are feeling very hungry.
You constrict the orc. The orc hits you with a +0 flail!
You die...

..# ..# ..# #.#
..# #r# #o# #@#
#.# #.# #.# #.#
#.#############
#.............#
##########....####
#....##..


You could see a river rat and an orc.

Vanquished Creatures
  An orc wizard (D:3)
  Terence (D:2)
  An adder (D:2)
  3 dart slugs (D:1)
  3 leopard geckos
  3 orcs (D:3)
  2 ball pythons (D:1)
  5 bats
  A giant cockroach (D:3)
  14 goblins
  3 hobgoblins
  7 jackals
  3 kobolds
  2 frilled lizards
  8 rats
57 creatures vanquished.

Notes
Turn   | Place    | Note
-------+----------+-------------------------------------------
     0 | D:1      | BlueFish the Octopode Warper began the quest for the Orb.
     0 | D:1      | Reached XP level 1. HP: 14/14 MP: 3/3
   124 | D:1      | Reached XP level 2. HP: 12/20 MP: 5/5
   128 | D:1      | Learned a level 2 spell: Shroud of Golubria
   131 | D:1      | Learned a level 2 spell: Blink
   139 | D:1      | HP: 1/20 [dart slug/slug dart (8)]
   541 | D:1      | Reached XP level 3. HP: 25/25 MP: 6/6
  1056 | D:2      | Noticed Terence
  1064 | D:2      | Killed Terence
  1064 | D:2      | Reached XP level 4. HP: 30/30 MP: 5/8
  1180 | D:2      | Found a shimmering altar of Xom.
  1181 | D:2      | Found a shimmering altar of Xom.
  1181 | D:2      | Found a shimmering altar of Xom.
  1189 | D:2      | Found a shimmering altar of Xom.
  1189 | D:2      | Found a shimmering altar of Xom.
  1190 | D:2      | Found a shimmering altar of Xom.
  1190 | D:2      | Found a shimmering altar of Xom.
  1190 | D:2      | Found a shimmering altar of Xom.
  1191 | D:2      | Found a shimmering altar of Xom.
  1674 | D:3      | Found a bloodstained altar of Trog.
  2015 | D:3      | Reached XP level 5. HP: 21/35 MP: 7/9
  2021 | D:3      | HP: 1/35 [orc/+0 flail (8)]
  2022 | D:3      | Mangled by an orc

Illustrated notes

Levels and vault maps discovered:
D:1:      dpeg_arrival_connections, layout_rooms
D:2:      layout_rooms, first_ration, grunt_decor_mini_mirrors, xom_redecorated,
          uniq_terence
D:3:      layout_rooms, lemuel_doored_altar, portal_sewer_entry_e

Skill      XL: |  1  2  3  4 |
---------------+-------------+-----
Dodging        | 3 |  3.0
Unarmed Combat | 3 |  3.1
Fighting       | |  2.6
Throwing       | |  1.0
Stealth        | |  0.8
Spellcasting   | |  2.9
Charms         | |  0.8
Translocations | |  3.3

Action                   |  1- 3 |  4- 6 || total
-------------------------+-------+-------++-------
Melee: Unarmed           |    75 |    52 ||   127
       Constrict         |    22 |    17 ||    39
       Tentacles         |    18 |    14 ||    32
       Punch             |     3 |     2 ||     5
Throw: Stone             |       |     7 ||     7
       Boomerang         |       |     1 ||     1
 Cast: Shroud of Golubri |     9 |    12 ||    21
  Use: Scroll            |       |     8 ||     8
 Stab: Sleeping          |     6 |       ||     6
  Eat: Chunk             |     1 |     3 ||     4
Armor: Skin              |     1 |     5 ||     6
Dodge: Dodged            |    39 |    35 ||    74

Table legend:
 A = Non-vault XP
 B = Vault XP
 C = Vault XP percentage of total XP
 D = Non-vault monster count
 E = Vault monster count
 F = Vault count percentage of total count
                 A         B        C        D         E       F
            +---------+---------+-------+---------+---------+-------
      Total |     158 |      38 |  19.4 |      55 |       2 |   3.5
            +---------+---------+-------+---------+---------+-------
        D:1 |      51 |       0 |   0.0 |      25 |       0 |   0.0
        D:2 |      36 |      36 |  50.0 |      13 |       1 |   7.1
        D:3 |      71 |       2 |   2.7 |      17 |       1 |   5.6
            +---------+---------+-------+---------+---------+-------
